 Dungeon Crawl Stone Soup version 0.29.1-12-g30fa7ad0bf (webtiles) character file.

Game seed: 1552969355378327996

1517 mampy3000 the Grappler (level 8, 0/78 HPs)
             Began as a Troll Berserker on Jan 3, 2023.
             Was a Priest of Trog.
             Killed from afar by Dowan (14 damage)
             ... with a shard of ice
             ... on level 6 of the Dungeon.
             The game lasted 00:09:23 (3665 turns).

mampy3000 the Grappler (Troll Berserker)            Turns: 3665, Time: 00:09:24

Health: 0/78       AC:  4    Str: 28    XL:     8   Next: 54%
Magic:  7/7        EV: 12    Int:  3    God:    Trog [***...]
Gold:   236        SH:  0    Dex: 15    Spells: 7/7 levels left

rFire   . . .      SeeInvis .     - Unarmed
rCold   . . .      Faith    .   (no shield)
rNeg    . . .      Spirit   .   a - +0 animal skin
rPois   +          Reflect  .   (helmet restricted)
rElec   .          Harm     .   (no cloak)
rCorr   .          Rampage  .   (gloves unavailable)
Will    ++...                   (boots unavailable)
Stlth   ++........              (no amulet)
HPRegen 2.03/turn               n - +6 ring of dexterity
MPRegen 0.10/turn               p - ring of poison resistance

@: strong-willed, on berserk cooldown, regenerating, slowed, very slow
A: large, unfitting armour, claws 3, regeneration 1, shaggy fur 1, tough skin 1
a: Renounce Religion, Berserk, Trog's Hand


You were on level 6 of the Dungeon.
You worshipped Trog.
Trog was most pleased with you.
You visited 1 branch of the dungeon, and saw 6 of its levels.

You collected 236 gold pieces.

Inventory:

Armour
 a - a +0 animal skin (worn)
 d - a +0 ring mail
Jewellery
 m - a ring of magical power
 n - a +6 ring of dexterity (left claw)
 p - a ring of poison resistance (right claw)
 w - an amulet of faith
 x - a ring of resist corrosion
 y - an amulet of regeneration
Scrolls
 c - 3 scrolls of poison {unknown}
 e - 9 scrolls of identify {unknown}
 j - 2 scrolls of amnesia {unknown}
 k - 6 scrolls of teleportation {unknown}
 s - 2 scrolls of butterflies {unknown}
 u - a scroll of vulnerability {unknown}
 A - a scroll of enchant weapon {unknown}
Potions
 b - 3 potions of degeneration {unknown}
 f - a potion of resistance {unknown}
 h - 2 potions of heal wounds {unknown}
 i - a potion of cancellation {unknown}
 l - a potion of haste {unknown}
 o - 3 potions of brilliance {unknown}
 q - a potion of might {unknown}
 r - a potion of attraction {unknown}
 t - a potion of magic {unknown}
 v - a potion of experience {unknown}
 z - a potion of berserk rage {unknown}


   Skills:
 + Level 3.7 Fighting
 + Level 4.9 Dodging
 + Level 1.1 Stealth
 + Level 9.0 Unarmed Combat


You had 7 spell levels left.
You didn't know any spells.
Your spell library was empty.

Dungeon Overview and Level Annotations

Branches:
Dungeon (6/15)             Temple (0/1) D:4

Altars:

Portals:
Sewer: D:3

Annotations:
D:6 Dowan


Innate Abilities, Weirdness & Mutations

You are too large for most types of armour.
You have claws for hands.
Your natural rate of healing is unusually fast.
You are covered in fur. (AC +1)
You have tough skin. (AC +1)


Message History

Dowan blinks!
Something hits you but does no damage.
You barely miss something. Something hits you. Something shocks you.
The worm bites you!
* * * LOW HITPOINT WARNING * * *
You closely miss something. Something hits you but does no damage.
Dowan mumbles some strange words.
Dowan blinks!
Something hits you.
* * * LOW HITPOINT WARNING * * *
Something shocks you.
* * * LOW HITPOINT WARNING * * *
The worm bites you but does no damage.
You feel better. Dowan closely misses you.
Something hits you but does no damage. The worm bites you.
* * * LOW HITPOINT WARNING * * *
You feel better. Dowan hits you with a +0 dagger.
A sky beast appears from thin air!
Reactivating autopickup.
The sky beast barely misses you.
Dowan points at you and mumbles some strange words.
The stone arrow misses you.
The stone arrow hits the sky beast!
The sky beast hits you.
* * * LOW HITPOINT WARNING * * *
The sky beast shocks you.
* * * LOW HITPOINT WARNING * * *
Dowan misses you.
You're still recovering from your berserk rage.
Your skin crawls.
You feel strong-willed. Dowan hits you with a +0 dagger.
* * * LOW HITPOINT WARNING * * *
The worm closely misses you. The sky beast barely misses you.
Dowan says, "Her death will not be in vain!"
Dowan hits you with a +0 dagger.
* * * LOW HITPOINT WARNING * * *
You claw the sky beast!
You kill the sky beast!
Trog accepts your kill.
Dowan points at you and mumbles some strange words.
The shard of ice hits you!
You die...

#.# #.#
####.#######.#
#............#
#.##.#########
#.#.## #)...#
###.## #e# #@#
#†w....#
.....###
#...#.$.
#...###.#
#...# .. ....#
. ....#


You could see Dowan (fast) and a worm.

Vanquished Creatures
  Grinder (D:4)
  Eustachio (D:6)
  Menkaure (D:6)
  Duvessa (D:6)
  A water moccasin (D:6)
  A black bear (D:5)
  A sky beast (D:6)
  An ogre (D:5)
  A centaur (D:6)
  4 scorpions
  A hound (D:5)
  A jelly (D:4)
  An orc priest (D:5)
  A gnoll bouda (D:3)
  An orc wizard (D:6)
  2 iguanas (D:4)
  3 gnolls (D:3)
  7 adders
  2 white imps
  4 worms
  6 dart slugs
  6 orcs
  6 endoplasms
  2 giant cockroaches
  3 goblins
  3 hobgoblins
  7 jackals
  6 kobolds
  5 quokkas
  6 ball pythons
  6 bats
  2 frilled lizards
  3 rats (D:2)
97 creatures vanquished.

Notes
Turn   | Place    | Note
-------+----------+-------------------------------------------
     0 | D:1      | mampy3000 the Troll Berserker began the quest for the Orb.
     0 | D:1      | Reached XP level 1. HP: 22/22 MP: 0/0
     6 | D:1      | Found a faded altar of an unknown god.
   103 | D:1      | Reached XP level 2. HP: 29/29 MP: 1/1
   510 | D:1      | Reached XP level 3. HP: 35/36 MP: 2/2
   850 | D:2      | Reached ** piety under Trog
  1312 | D:3      | Found a glowing drain.
  1388 | D:3      | Reached skill level 4 in Unarmed Combat
  1441 | D:3      | Reached XP level 4. HP: 44/44 MP: 3/3
  1878 | D:3      | Reached XP level 5. HP: 52/52 MP: 4/4
  2003 | D:4      | Reached skill level 5 in Unarmed Combat
  2277 | D:4      | Reached XP level 6. HP: 59/59 MP: 5/5
  2334 | D:4      | Noticed Grinder
  2341 | D:4      | Killed Grinder
  2342 | D:4      | Reached skill level 6 in Unarmed Combat
  2360 | D:4      | Found a staircase to the Ecumenical Temple.
  2639 | D:5      | Entered Level 5 of the Dungeon
  2807 | D:5      | Reached XP level 7. HP: 59/67 MP: 6/6
  2854 | D:5      | Reached skill level 7 in Unarmed Combat
  2959 | D:5      | Reached *** piety under Trog
  3457 | D:6      | Reached XP level 8. HP: 64/75 MP: 7/7
  3525 | D:6      | Reached skill level 8 in Unarmed Combat
  3541 | D:6      | Noticed Menkaure
  3549 | D:6      | Killed Menkaure
  3585 | D:6      | Reached skill level 1 in Stealth
  3634 | D:6      | Noticed Duvessa
  3636 | D:6      | Noticed Dowan
  3641 | D:6      | Noticed Eustachio
  3643 | D:6      | Killed Duvessa
  3657 | D:6      | Killed Eustachio
  3658 | D:6      | Reached skill level 9 in Unarmed Combat
  3665 | D:6      | Killed from afar by Dowan

Illustrated notes

Levels and vault maps discovered:
D:1:      dpeg_arrival_tiny_a, layout_loops_cross,
          chequers_ecumenical_altar_simple
D:2:      layout_loops_ring, minmay_misc_feat_ornament, kennysheep_boxes
D:3:      layout_basic, portal_sewer_entry_c, nicolae_wormholes
D:4:      layout_basic, minmay_temple_entry_wispy, uniq_grinder
D:5:      layout_basic
D:6:      layout_loops_ring, uniq_menkaure, uniq_eustachio, uniq_duvessa

Skill      XL: |  1  2  3  4  5  6  7  8 |
---------------+-------------------------+-----
Unarmed Combat | 4 5 6 7 9 |  9.0
Dodging        | 3 4 |  4.9
Fighting       | 3 |  3.7
Stealth        | 1 |  1.1

Action                   |  1- 3 |  4- 6 |  7- 9 || total
-------------------------+-------+-------+-------++-------
Melee: Unarmed           |    98 |   111 |    73 ||   282
       Punch             |     2 |     2 |     3 ||     7
Invok: Berserk           |       |     1 |     1 ||     2
       Trog's Hand       |       |       |     1 ||     1
  Use: Potion            |       |       |     3 ||     3
 Stab: Sleeping          |       |       |     1 ||     1
Armor: Animal skin       |    42 |    29 |    19 ||    90
Dodge: Dodged            |    57 |    52 |    44 ||   153
